 Dungeon Crawl Stone Soup version 0.19-a0-1920-g83281cb (webtiles) character file.

309 Leszczynek the Basher (level 6, -5/59 HPs)
             Began as an Ogre Warper on Oct 23, 2016.
             Slain by an ogre
             ... wielding a +0 giant club
              (14 damage)
             ... on level 5 of the Dungeon.
             The game lasted 00:09:58 (2047 turns).

Leszczynek the Basher (Ogre Warper)                 Turns: 2047, Time: 00:09:58

Health: -5/59      AC:  3    Str: 17    XL:     6   Next: 41%
Magic:  9/9        EV: 15    Int: 12    God:
Gold:   163        SH:  0    Dex: 16    Spells: 1 memorised, 7 levels left

rFire  . . .     SeeInvis .     a - +0 giant club
rCold  . . .     Gourm    .     b - +0 robe
rNeg   . . .     Faith    .     (shield currently unavailable)
rPois  .         Spirit   .     (helmet restricted)
rElec  .         Reflect  .     (no cloak)
rCorr  .         Harm     .     (gloves unavailable)
MR     +....                    (boots unavailable)
Stlth  ++........               (no amulet)
                                (no ring)
                                s - ring of protection from magic

@: agile
A: unfitting armour, tough skin 1
a: no special abilities


You were on level 5 of the Dungeon.
You were not hungry.

You visited 1 branch of the dungeon, and saw 5 of its levels.

You collected 163 gold pieces.

Inventory:

Hand Weapons
 a - a +0 giant club (weapon)
 e - a +0 mace
Armour
 b - a +0 robe (worn)
Jewellery
 s - a ring of protection from magic (left hand)
Wands
 r - a wand of flame (26/48)
Scrolls
 f - a scroll of blinking
 g - 4 scrolls of remove curse
 i - 2 scrolls of recharging {unknown}
 l - a scroll of random uselessness {unknown}
 p - a scroll of identify {unknown}
Potions
 n - a potion of curing
 o - a potion of flight {unknown}
 q - a potion of invisibility {unknown}
Books
 c - a book of Spatial Translocations

   Spells                             Type                      Level
   a - Blink                          Translocation                2
   b - Shroud of Golubria             Charms/Translocation         2
   c - Lesser Beckoning               Translocation                3
   d - Portal Projectile              Translocation                3
   e - Teleport Other                 Translocation                3
   f - Passage of Golubria            Translocation                4
Comestibles
 d - 2 bread rations
 j - 6 chunks of flesh
 k - a meat ration


   Skills:
 - Level 2.6 Fighting
 + Level 8.7 Maces & Flails
 - Level 1.0 Throwing
 - Level 2.1 Dodging
 - Level 2.4 Spellcasting
 - Level 2.1 Translocations


You had 7 spell levels left.
You knew the following spells:

 Your Spells              Type           Power        Failure   Level  Hunger
a - Blink                 Tloc           N/A          17%         2    ###....


Dungeon Overview and Level Annotations

Branches:
Dungeon (5/15)             Temple (0/1) D:5

Altars:


Innate Abilities, Weirdness & Mutations

You are too large for most types of armour.
You have tough skin. (AC +1)


Message History

You closely miss the hound.
The hound is moderately wounded.
The hound bites you. The hound closely misses you.
You bludgeon the hound!!
You kill the hound!
You barely miss the ogre. The ogre hits you with a giant club!!
* * * LOW HITPOINT WARNING * * *
You are too injured to fight recklessly!
You are too injured to fight recklessly!
You are too injured to fight recklessly!
You hit the ogre.
The ogre is lightly wounded.
The ogre misses you.
You hit the ogre.
The ogre is lightly wounded.
The ogre misses you.
You bludgeon the ogre!!
The ogre is almost dead.
The ogre hits you with a giant club!
You die...

#..(....#......
#..........O...
##.......##.....
##........##.[...
#..#.............
##.#.......##.....
#####..#.......##.....
#...#.##...<.........
#.....@O......#####
#....#####...## #...##
##### #...# #...#
#...# #####


You could see an ogre.

Vanquished Creatures
  An ogre (D:5)
  A hound (D:5)
  Jessica (D:3)
  2 worker ants (D:4)
  4 gnolls (D:4)
  3 adders
  An adder skeleton (D:5)
  2 worms
  3 dart slugs
  2 leopard geckos
  2 orcs (D:3)
  5 bats
  A giant cockroach (D:1)
  2 goblins
  4 hobgoblins
  3 jackals (D:2)
  6 kobolds
  A quokka (D:2)
  2 frilled lizards
  5 rats
51 creatures vanquished.

Notes
Turn   | Place    | Note
-------+----------+-------------------------------------------
     0 | D:1      | Leszczynek the Ogre Warper began the quest for the Orb.
     0 | D:1      | Reached XP level 1. HP: 22/22 MP: 3/3
   129 | D:2      | Reached skill level 3 in Maces & Flails
   202 | D:1      | Reached XP level 2. HP: 24/29 MP: 5/5
   338 | D:2      | Reached skill level 4 in Maces & Flails
   390 | D:3      | Noticed Jessica
   466 | D:3      | Killed Jessica
   466 | D:3      | Reached skill level 5 in Maces & Flails
   466 | D:3      | Reached XP level 3. HP: 31/36 MP: 6/6
   678 | D:3      | Reached XP level 4. HP: 21/44 MP: 7/7
   944 | D:3      | Reached skill level 6 in Maces & Flails
  1161 | D:5      | Entered Level 5 of the Dungeon
  1276 | D:4      | Noticed a phantom
  1519 | D:5      | Noticed an ogre
  1531 | D:4      | Reached XP level 5. HP: 24/50 MP: 8/8
  1546 | D:4      | Learned a level 2 spell: Blink
  1561 | D:4      | Reached skill level 7 in Maces & Flails
  1703 | D:5      | Found a staircase to the Ecumenical Temple.
  1703 | D:5      | Noticed an ogre
  1704 | D:5      | fucking hell
  1704 | D:5      | at least i know where the temple is, i guess
  1778 | D:5      | Noticed an orc warrior
  1778 | D:5      | you can't make this shit up
  2001 | D:5      | Killed an ogre
  2001 | D:5      | Reached skill level 8 in Maces & Flails
  2001 | D:5      | Reached XP level 6. HP: 41/59 MP: 9/9
  2047 | D:5      | Slain by an ogre

Vault maps used:
D:1:      minmay_arrival_nine_rooms, kennysheep_another_room
D:3:      first_bread, gup_sewer_entry_spiral, minmay_bisected, uniq_jessica

Skill      XL: |  1  2  3  4  5 |
---------------+----------------+-----
Maces & Flails | 3 5 6 8 |  8.7
Fighting       | |  2.6
Throwing       | |  1.0
Dodging        | |  2.1
Spellcasting   | |  2.4
Translocations | |  2.1

Action                   |  1- 3 |  4- 6 || total
-------------------------+-------+-------++-------
Melee: Mace              |    69 |   112 ||   181
       Giant club        |       |    12 ||    12
Throw: Tomahawk          |     3 |     2 ||     5
  Use: Potion            |       |     5 ||     5
       Scroll            |       |     1 ||     1
 Stab: Sleeping          |       |     1 ||     1
  Eat: Chunk             |       |     4 ||     4
       Pizza             |       |     1 ||     1
Armor: Robe              |    26 |    22 ||    48
Dodge: Dodged            |    59 |    76 ||   135
